cohdb
Replays
Latest Replays
All Replays
Popular Replays
Top Player Replays
Match Explorer
How It Works
Community
CoH3 Stats
Reddit
Sign in to upload your games and track your stats! →
Sign in with Steam
Match 39126777
Unlisted
Match 39126777
Overview
Messages
Build Orders
End
Panzergrenadier Squad
Selects Armored Support Battlegroup
Panzergrenadier Squad
250 Light Carrier
Construct Light Support Kompanie
Assault Grenadier Squad
Construct Mechanized Kompanie
Assault Grenadier Squad
Selects Superior Fire Drills
Selects Salvage Kits
254 Reconnaissance Tractor
Panzerjäger Mechanized Group
Veteran Squad Leaders
Construct Panzerarmee Kommand
Walking Stuka Rocket Launcher
Walking Stuka Rocket Launcher
Selects Panzer Storm
Flak 36 Anti-tank Gun Team
Selects Stuka Anti-tank Loiter
Support Armor Elements
18-tonne Recovery Half-track
Stuka Anti-tank Loiter
Nuclear Viking
ffgghhjjkkll
Hollywood_969
RomRemRam
moemoe
FabledFalcons
elevate
shootinputin
0
0
Comments
sign in to comment!
No comments posted yet!